 Dungeon Crawl Stone Soup version 0.30-a0-170-g85af917532 (webtiles) character file.

Game seed: 13819624877529556296

30 brightshaft the Cudgeller (level 3, -3/23 (31) HPs)
             Began as a Gnoll Reaver on Sept 30, 2022.
             Slain by a goblin
             ... wielding a +0 club
              (4 damage)
             ... on level 2 of the Dungeon.
             The game lasted 00:01:48 (1072 turns).

brightshaft the Cudgeller (Gnoll Reaver)            Turns: 1072, Time: 00:01:49

HP:   -3/23 (31)    AC:  3    Str: 11    XL:     3   Next: 18%
MP:   9/9           EV: 27    Int: 14    God:
Gold: 56            SH:  0    Dex: 10    Spells: 11/12 levels left

rFire   . . .      SeeInvis .    a - +0 mace
rCold   . . .      Faith    .    (no shield)
rNeg    . . .      Spirit   .    b - +0 leather armour
rPois   .          Reflect  .    (no helmet)
rElec   .          Harm     .    (no cloak)
rCorr   .          Rampage  .    (no gloves)
Will    .....                    (no boots)
Stlth   +.........               h - amulet of the acrobat
HPRegen 0.07/turn                (no ring)
MPRegen 0.11/turn                (no ring)

@: acrobatic, very heavily drained
A: fangs 1, strong nose, distributed training
a: no special abilities


You were on level 2 of the Dungeon.
You visited 1 branch of the dungeon, and saw 2 of its levels.

You collected 56 gold pieces.

Inventory:

Hand Weapons
 a - a +0 mace (weapon)
Armour
 b - a +0 leather armour (worn)
Jewellery
 h - an amulet of the acrobat (around neck)
Scrolls
 c - a scroll of identify {unknown}
 i - a scroll of noise {unknown}
 j - 2 scrolls of teleportation {unknown}
Potions
 d - 2 potions of magic {unknown}
 e - a potion of curing {unknown}
 f - a potion of haste {unknown}
 g - a potion of heal wounds {unknown}


   Skills:
 + Level 4.5 Fighting
 + Level 0.7 Short Blades
 + Level 0.7 Long Blades
 + Level 0.7 Axes
 + Level 6.5 Maces & Flails
 + Level 0.7 Polearms
 + Level 0.7 Staves
 + Level 0.7 Ranged Weapons
 + Level 0.7 Throwing
 + Level 0.7 Armour
 + Level 4.5 Dodging
 + Level 0.7 Stealth
 + Level 0.7 Shields
 + Level 0.7 Unarmed Combat
 + Level 5.0 Spellcasting
 + Level 5.4 Conjurations
 + Level 0.5 Hexes
 + Level 0.5 Summonings
 + Level 0.5 Necromancy
 + Level 0.5 Translocations
 + Level 0.5 Transmutations
 + Level 0.5 Fire Magic
 + Level 0.5 Ice Magic
 + Level 0.5 Air Magic
 + Level 0.5 Earth Magic
 + Level 0.5 Poison Magic
 + Level 0.9 Invocations
 + Level 0.7 Evocations


You had 11 spell levels left.
You knew the following spells:

 Your Spells              Type           Power      Damage    Failure   Level
a - Kiss of Death         Conj/Necr      44%        2d8       7%          1

Your spell library contained the following spells:

 Spells                   Type           Power      Damage    Failure   Level
 Momentum Strike          Conj/Tloc      22%        3d8       11%         2
 Hailstorm                Conj/Ice       11%        3d5       21%         3


Dungeon Overview and Level Annotations

Branches:
Dungeon (2/15)

Altars:


Innate Abilities, Weirdness & Mutations

You have very sharp teeth.
Your uncanny sense of smell can sniff out nearby items.
Your experience applies equally to all skills.


Message History

The negative energy hits the worm!
The worm is drained!
You kill the worm!
You feel drained.
The kobold shouts!
The kobold misses you.
You hit the kobold.
You kill the kobold!
Found a book of Vapours.
Found a stone staircase leading up.
A bat comes into view.
The kobold hits you with a +0 short sword.
The goblin shouts!
You hit the kobold.
The kobold is heavily wounded.
The kobold hits you with a +0 short sword.
You closely miss the kobold.
The kobold is heavily wounded.
The kobold completely misses you. The goblin closely misses you.
You hit the kobold. You bite the kobold.
The kobold is severely wounded.
The rat barely misses you. The endoplasm freezes you.
You are frozen.
The kobold barely misses you. The goblin hits you with a +0 club.
You are too injured to fight recklessly!
You are too injured to fight recklessly!
You are too injured to fight recklessly!
You are too injured to fight recklessly!
You hit the goblin but do no damage. The rat bites you but does no damage.
The endoplasm freezes you.
You are frozen.
The kobold hits you with a +0 short sword.
The rat misses you. The endoplasm freezes you.
You are frozen.
* * * LOW HITPOINT WARNING * * *
The kobold hits you with a +0 short sword.
* * * LOW HITPOINT WARNING * * *
The goblin completely misses you. The goblin hits you with a +0 club.
You die...

.#.. #..#. #....#
#....# #.....
:....#
#....!##.....#..
#....#..#....#.#
#..#....#..#.:#
#.#..g...#.#.#
#..r@J†).#..###
....##K.g.##.....#
.....b####...#
.............#
<......##..†.#
..... ###..## ....
#<..# ....
#..#....#
#.#.###.#


You could see an endoplasm, 2 goblins, a bat, a kobold and a rat.

Vanquished Creatures
  A worm (D:2)
  A dart slug (D:2)
  2 endoplasms (D:1)
  A giant cockroach (D:1)
  3 goblins (D:1)
  3 jackals (D:1)
  2 quokkas (D:1)
  A ball python (D:1)
  2 bats (D:1)
  3 kobolds
  5 rats (D:1)
24 creatures vanquished.

Notes
Turn   | Place    | Note
-------+----------+-------------------------------------------
     0 | D:1      | brightshaft the Gnoll Reaver began the quest for the Orb.
     0 | D:1      | Reached XP level 1. HP: 20/20 MP: 6/6
   323 | D:1      | Reached XP level 2. HP: 20/20 MP: 7/7
   443 | D:1      | Found a faded altar of an unknown god.
  1030 | D:2      | Reached skill level 5 in Spellcasting
  1030 | D:2      | Reached XP level 3. HP: 25/27 MP: 7/9
  1072 | D:2      | HP: 1/23 [kobold/+0 short sword (2)]
  1072 | D:2      | Slain by a goblin

Illustrated notes

Levels and vault maps discovered:
D:1:      dpeg_arrival_rhombus, layout_loops_ring,
          ebering_ecumenical_altar_sacrificial
D:2:      layout_loops_ring, minmay_circled_x, uniq_robin

Skill      XL: |  1  2 |
---------------+-------+-----
Spellcasting   | 5 |  5.0
Fighting       | |  4.5
Short Blades   | |  0.7
Long Blades    | |  0.7
Axes           | |  0.7
Maces & Flails | |  6.5
Polearms       | |  0.7
Staves         | |  0.7
Ranged Weapons | |  0.7
Throwing       | |  0.7
Armour         | |  0.7
Dodging        | |  4.5
Stealth        | |  0.7
Shields        | |  0.7
Unarmed Combat | |  0.7
Conjurations   | |  5.4
Hexes          | |  0.5
Summonings     | |  0.5
Necromancy     | |  0.5
Translocations | |  0.5
Transmutations | |  0.5
Fire Magic     | |  0.5
Ice Magic      | |  0.5
Air Magic      | |  0.5
Earth Magic    | |  0.5
Poison Magic   | |  0.5
Invocations    | |  0.9
Evocations     | |  0.7

Action                   || total
-------------------------++-------
Melee: Mace              ||    74
       Bite              ||    10
       Punch             ||     2
 Cast: Kiss of Death     ||     3
Armor: Leather armour    ||    29
Dodge: Dodged            ||    69

Table legend: (Time is in decaauts)
 A = Elapsed time spent in this place.
 B = Non-inter-level travel time spent in this place.
 C = Inter-level travel time spent in this place.
 D = Time resting spent in this place.
 E = Time spent auto-exploring this place.
 F = Levels seen in this place.
 G = Mean time per level.
                   A        B        C        D        E       F      G
               +--------+--------+--------+--------+--------+-----+--------+
         Total |   1077 |   1010 |     67 |      0 |    847 |   2 |  538.5 |
       Dungeon |   1077 |   1010 |     67 |      0 |    847 |   2 |  538.5 |
               +--------+--------+--------+--------+--------+-----+--------+

Top non-repeatable levels by time:
     D:1: 1031 daAuts
     D:2: 46 daAuts
